 Dungeon Crawl Stone Soup version 0.30-a0-1035-g38d5fb2972 (webtiles) character file.

Game seed: 13931331013754351575

9 cforsyth the Caller (level 2, -2/17 HPs)
             Began as an Octopode Summoner on Apr 8, 2023.
             Slain by a kobold
             ... wielding a +0 short sword
              (4 damage)
             ... on level 1 of the Dungeon.
             The game lasted 00:01:08 (429 turns).

cforsyth the Caller (Octopode Summoner)              Turns: 429, Time: 00:01:09

Health: -2/17      AC:  1    Str:  7    XL:     2   Next: 12%
Magic:  1/5        EV: 13    Int: 17    God:
Gold:   19         SH:  0    Dex: 12    Spells: 2/5 levels left

rFire   . . .      SeeInvis .    (no weapon)
rCold   . . .      Faith    .    (no shield)
rNeg    . . .      Spirit   .    (helmet restricted)
rPois   .          Reflect  .    (no amulet)
rElec   .          Rampage  .    (no ring)
rCorr   .                        (no ring)
Will    .....                    (no ring)
Stlth   +++                      (no ring)
HPRegen 0.22/turn                (no ring)
MPRegen 0.09/turn                (no ring)
                                 (no ring)
                                 (no ring)

@: no status effects
A: almost no armour, amphibious, 8 rings, camouflage 1, gelatinous body 1,
(nimble swimmer 1), tentacles
a: no special abilities


You were on level 1 of the Dungeon.
You visited 1 branch of the dungeon, and saw 1 of its levels.

You collected 19 gold pieces.

Inventory:

Scrolls
 b - a scroll of amnesia {unknown}
Potions
 a - a potion of magic
 c - a potion of lignification {unknown}
 d - a potion of haste {unknown}
 e - a potion of ambrosia {unknown}


   Skills:
 - Level 2.0 Dodging
 - Level 2.6 Stealth
 + Level 2.3 Spellcasting
 + Level 4.2 Summonings


You had 2 spell levels left.
You knew the following spells:

 Your Spells              Type           Power      Damage    Failure   Level
a - Summon Small Mammal   Summ           64%        N/A       3%          1
b - Call Imp              Summ           32%        N/A       4%          2

Your spell library contained the following spells:

 Spells                   Type           Power      Damage    Failure   Level
 Call Canine Familiar     Summ           16%        N/A       10%         3
 Summon Guardian Golem    Hex/Summ       9%         N/A       24%         3
 Summon Lightning Spire   Summ/Air       9%         N/A       61%         4


Dungeon Overview and Level Annotations

Branches:
Dungeon (1/15)

Altars:


Innate Abilities, Weirdness & Mutations

You cannot wear most types of armour.
You are amphibious.
You can wear up to eight rings at the same time.
Your skin changes colour to match your surroundings (Stealth+).
Your rubbery body absorbs attacks. (AC +1, EV +1)
((You are camouflaged when in or above water. (Stealth+)))
You have tentacles for arms and can constrict up to eight enemies at once.


Message History

There are monsters nearby!
There are monsters nearby!
There are monsters nearby!
You swap places.
A kobold comes into view. It is wielding a +0 dagger.
Your cerulean imp hits the jackal but does no damage.
The jackal closely misses you.
The kobold throws a stone.
The stone hits you. The jackal attacks as you move away! The jackal misses you.
Your cerulean imp hits the jackal with a -3 spear.
An endoplasm comes into view.
The kobold barely misses you.
The kobold throws a stone.
The stone barely misses you.
The stone misses the jackal.
The stone closely misses your cerulean imp.
The jackal bites you. The jackal attacks as you move away!
The jackal closely misses you.
The endoplasm quivers.
Your cerulean imp closely misses the jackal.
The kobold hits you with a +0 dagger.
You closely miss the jackal. You grab the jackal.
The jackal is severely wounded.
You constrict the jackal. The jackal bites you.
Your cerulean imp hits the jackal from afar with a -3 spear.
The jackal dies!
The kobold hits you with a +0 dagger.
Casting: Call Imp (safe; 4% risk of failure)
Confirm with . or Enter, or press ? or * to list all spells.
Your cerulean imp barely misses the kobold.
The kobold hits you with a +0 dagger.
The kobold hits you with a +0 short sword.
* * * LOW HITPOINT WARNING * * *
Casting: Summon Small Mammal (safe; 3% risk of failure)
Confirm with . or Enter, or press ? or * to list all spells.
Your bat hits the kobold but does no damage.
Your bat hits the kobold.
Your cerulean imp closely misses the kobold.
Your bat misses the kobold. The kobold hits you with a +0 dagger.
* * * LOW HITPOINT WARNING * * *
The endoplasm barely misses your bat.
The kobold hits you with a +0 short sword.
You die...

#......# #.# #....#.#
###.####...#.#
..#.#....#.#.####
#.#.#.##.#.#.....
#.#.#.#..#.######
#.#.#............ ######
########b#.###...#######
......
....JbK@†.5............>
######
########K#.###..##.#.##.
# #.#.# #..........
##### #.#.# #.#........
....# #.#.###.#..♣♣♣...
....# #.#...#.#...♣....
....# #.#.....#..♣.....
##### #.#†#.#.#...♣....
############
#.#.#.......†..


You could see an endoplasm, 2 kobolds, a friendly cerulean imp (summoned) and 2
friendly bats.

Vanquished Creatures
  A rat (D:1)
1 creature vanquished.

Vanquished Creatures (collateral kills)
  An endoplasm (D:1)
  2 goblins (D:1)
  A hobgoblin (D:1)
  A jackal (D:1)
  A quokka (D:1)
  A bat (D:1)
7 creatures vanquished.

Grand Total: 8 creatures vanquished

Notes
Turn   | Place    | Note
-------+----------+-------------------------------------------
     0 | D:1      | cforsyth the Octopode Summoner began the quest for the Orb.
     0 | D:1      | Reached XP level 1. HP: 11/11 MP: 3/3
   268 | D:1      | Reached XP level 2. HP: 12/17 MP: 1/5
   370 | D:1      | Learned a level 2 spell: Call Imp
   429 | D:1      | Slain by a kobold

Illustrated notes

Levels and vault maps discovered:
D:1:      lightli_arrival_windingriver, layout_basic, grunt_decor_one_mirror,
          chequers_garden

Action                     || total
---------------------------++-------
  Melee: Unarmed           ||     6
         Constrict         ||     4
         Punch             ||     1
   Cast: Summon Small Mamm ||    13
         Call Imp          ||     2
 Armour: Skin              ||     2
  Dodge: Dodged            ||    10

Table legend: (Time is in decaauts)
 A = Elapsed time spent in this place.
 B = Non-inter-level travel time spent in this place.
 C = Inter-level travel time spent in this place.
 D = Time resting spent in this place.
 E = Time spent auto-exploring this place.
 F = Levels seen in this place.
 G = Mean time per level.
                   A        B        C        D        E       F      G
               +--------+--------+--------+--------+--------+-----+--------+
         Total |    429 |    429 |      0 |      0 |    362 |   1 |  429.0 |
       Dungeon |    429 |    429 |      0 |      0 |    362 |   1 |  429.0 |
               +--------+--------+--------+--------+--------+-----+--------+

Top non-repeatable levels by time:
     D:1: 429 daAuts
